 Dungeon Crawl Stone Soup version 0.32-a0-42-ga30500b4d3 (webtiles) character file.

Game seed: 9646353873098821034

53 cforsyth the Magician (level 4, -14/35 HPs)
             Began as a Djinni Warper on Feb 3, 2024.
             Demolished by Terence
             ... wielding a +3 heavy flail
              (19 damage)
             ... on level 2 of the Dungeon.
             The game lasted 00:02:59 (1974 turns).

cforsyth the Magician (Djinni Warper)               Turns: 1974, Time: 00:02:59

Health: -14/35     AC:  3    Str: 10    XL:     4   Next: 10%
Gold:   99         EV: 11    Int: 22    God:
                   SH:  0    Dex: 13

rFire   + + .        a - +0 falchion
rCold   x . .        (no shield)
rNeg    . . .        b - +0 leather armour
rPois   ∞            (no helmet)
rElec   .            (no cloak)
rCorr   .            (no gloves)
SInv    .            (boots unavailable)
Will    .....        (no amulet)
Stlth   +            h - +6 ring of intelligence
HPRegen 0.25/turn    (no ring)
MPRegen 0.00/turn

%: infuse magic (-15 HP)
@: on blink cooldown, flying
A: sickness immunity, fire resistance 2, cold vulnerability 1, float, innate
caster, HP casting, extra vitality 1
a: no special abilities


You were on level 2 of the Dungeon.
You visited 1 branch of the dungeon, and saw 3 of its levels.

You collected 99 gold pieces.

Inventory:

Hand Weapons
 a - a +0 falchion (weapon)
Missiles
 d - 7 darts of dispersal
 j - 6 poisoned darts
Armour
 b - a +0 leather armour (worn)
Jewellery
 h - a +6 ring of intelligence (left hand)
Scrolls
 c - a scroll of blinking
 i - a scroll of amnesia {unknown}
 k - a scroll of fog {unknown}
Potions
 e - 3 potions of curing {unknown}
 f - 2 potions of heal wounds {unknown}
 g - a potion of lignification {unknown}


   Skills:
 + Level 3.2 Fighting
 - Level 1.7 Long Blades
 - Level 0.7 Throwing
 - Level 1.0 Armour
 - Level 2.1 Dodging
 + Level 3.5 Spellcasting
 + Level 3.5 Conjurations
 + Level 3.5 Hexes
 + Level 3.5 Summonings
 + Level 3.5 Necromancy
 + Level 3.5 Translocations
 + Level 3.5 Fire Magic
 + Level 3.5 Ice Magic
 + Level 3.5 Air Magic
 + Level 3.5 Earth Magic
 + Level 3.5 Alchemy


You knew the following spells:

 Your Spells              Type           Power      Damage    Failure   Level
a - Blink                 Tloc           38%        N/A       6%          2
b - Lesser Beckoning      Tloc           38%        N/A       6%          2
c - Teleport Other        Tloc           19%        N/A       12%         3
d - Manifold Assault      Tloc           19%        N/A       36%         4
e - Vhi's Electric Charg  Tloc/Air       38%        N/A       36%         4
f - Magic Dart            Conj           76%        1d6       3%          1
Your spell library was empty.

Dungeon Overview and Level Annotations

Branches:
Dungeon (3/15)

Altars:
Xom

Annotations:
D:2 Terence
D:3 Ijyb


Innate Abilities, Weirdness & Mutations

You are immune to sickness and miasma.
You are immune to poison.
Your flesh is very heat resistant. (rF++)
You are vulnerable to cold. (rC-)
You float through the air rather than walking.
You learn spells naturally, not from books.
Your magical power is your life essence.
You have superior vitality. (+4 MHP)


Message History

Confirm with . or Enter, or press ? or * to list all spells.
You blink.
You feel ready to blink again.
Casting: Blink (safe; 6% risk of failure)
Confirm with . or Enter, or press ? or * to list all spells.
You blink.
You feel ready to blink again. Terence attacks as he pursues you!
Terence misses you.
Terence bares his teeth.
You see here 7 stones.
Casting: Blink (safe; 6% risk of failure)
Confirm with . or Enter, or press ? or * to list all spells.
Aiming: Magic Dart (safe; 3% risk of failure)
Press: ? - help, Shift-Dir - straight line, f - Terence
Aim: Terence, wielding a +3 heavy flail and wearing a +0 chain mail (100% to hit)
The magic dart hits Terence but does no damage.
You hit Terence.
Terence is moderately wounded.
Terence misses you.
You hit Terence but do no damage.
Terence is moderately wounded.
Terence hits you with a +3 heavy flail!
You completely miss Terence.
Terence is moderately wounded.
You hit Terence.
Terence is moderately wounded.
Terence hits you with a +3 heavy flail!
* * * LOW HITPOINT WARNING * * *
You hit Terence but do no damage.
Terence is moderately wounded.
Terence misses you.
Casting: Magic Dart (safe; 3% risk of failure)
Confirm with . or Enter, or press ? or * to list all spells.
You blink.
* * * LOW HITPOINT WARNING * * *
Terence attacks as he pursues you!
Terence hits you with a +3 heavy flail!!
Ouch! That really hurt!
You die...
Terence says, "That felt goooood."

##......................# #.#
######...............#### #.# #
#..)............# #.# #
#..........###..# #####.# #
#...(#########..# #.....#
#....##........## #.###.#
######.......######.# #.# #.#
........#.##.......§#######.# #.#
........#.......@@.......##.# #..
.............####.....##.##.#####
...###..####....'.....##.##.#....
...# #..####.####.....##.##.#.###
...# #.......####.....#..........
...###.####...........#..#.##.###
...#.....##.......#####..#.##.###
'###.#............# #.........#
.# #.###.##.####### #.##.##.#.#


You could see Terence.

Vanquished Creatures
  An adder (D:2)
  2 dart slugs (D:1)
  An orc (D:3)
  5 ball pythons
  3 endoplasms
  A giant cockroach (D:1)
  4 goblins (D:1)
  5 hobgoblins
  6 kobolds
  3 bats
  4 frilled lizards
  5 rats
40 creatures vanquished.

Notes
Turn   | Place    | Note
-------+----------+-------------------------------------------
     0 | D:1      | cforsyth the Djinni Warper began the quest for the Orb.
     0 | D:1      | cforsyth set off with the following spells memorised:
                  | Blink, Lesser Beckoning, Teleport Other, Manifold Assault,
                  | Vhi's Electric Charge.
     0 | D:1      | Reached XP level 1. HP: 18/18 MP: 0/0
   174 | D:1      | Reached XP level 2. HP: 23/23 MP: 0/0
   475 | D:1      | Reached XP level 3. HP: 29/29 MP: 0/0
   475 | D:1      | Learned a level 1 spell: Magic Dart
  1033 | D:2      | Found a shimmering altar of Xom.
  1730 | D:3      | Reached XP level 4. HP: 34/35 MP: 0/0
  1793 | D:3      | Noticed Ijyb
  1813 | D:3      | Noticed Terence
  1974 | D:2      | Demolished by Terence

Illustrated notes

Levels and vault maps discovered:
D:1:      hellmonk_arrival_library, layout_basic
D:2:      layout_basic, basic_altar, minmay_misc_feat_rows,
          kennysheep_another_room
D:3:      layout_basic, shapermc_ecumenical_altar_mp_vishouse,
          ebering_ghost_sewer_f, uniq_terence, uniq_ijyb

Skill      XL: |  1  2  3 |
---------------+----------+-----
Spellcasting   | 3 |  3.5
Conjurations   | 3 |  3.5
Hexes          | 3 |  3.5
Summonings     | 3 |  3.5
Necromancy     | 3 |  3.5
Translocations | 3 |  3.5
Fire Magic     | 3 |  3.5
Ice Magic      | 3 |  3.5
Air Magic      | 3 |  3.5
Earth Magic    | 3 |  3.5
Alchemy        | 3 |  3.5
Fighting       | 3 |  3.2
Long Blades    | |  1.7
Throwing       | |  0.7
Armour         | |  1.0
Dodging        | |  2.1

Action                     |  1- 3 |  4- 6 || total
---------------------------+-------+-------++-------
  Melee: Falchion          |    76 |     5 ||    81
         Punch             |     2 |       ||     2
   Cast: Magic Dart        |    38 |    12 ||    50
         Blink             |       |     3 ||     3
    Use: Scroll            |       |     1 ||     1
 Armour: Leather armour    |    56 |     6 ||    62
  Dodge: Dodged            |    44 |     3 ||    47

Table legend: (Time is in decaauts)
 A = Elapsed time spent in this place.
 B = Non-inter-level travel time spent in this place.
 C = Inter-level travel time spent in this place.
 D = Time resting spent in this place.
 E = Time spent auto-exploring this place.
 F = Levels seen in this place.
 G = Mean time per level.
                   A        B        C        D        E       F      G
               +--------+--------+--------+--------+--------+-----+--------+
         Total |   1992 |   1952 |     40 |     66 |   1532 |   3 |  664.0 |
       Dungeon |   1992 |   1952 |     40 |     66 |   1532 |   3 |  664.0 |
               +--------+--------+--------+--------+--------+-----+--------+

Top non-repeatable levels by time:
     D:2: 1052 daAuts
     D:1: 799 daAuts
     D:3: 140 daAuts
